[ PARTIDA AOE2 · #480258124 ]
UnrankedChinos vs Italians
[ ANÁLISIS DE REPETICIÓN · EXTRAÍDO DE LA PARTIDA GRABADA ]
Feudal
10:38
Castillos
23:54
Imperial
39:42
| APM promedio | 35.1 |
| APM pico | 65 |
| eAPM promedio | 21.8 |
| Aldeanos / militares | 171 / 155 |
Foco
⚔️ 24.6% · 🌾 75.4%
Chu Ko Nu ×76 · Fire Lancer ×45 · Militia ×20 · Spearman ×5 · Skirmisher ×4 · Battering Ram ×3
Feudal
9:25
Castillos
20:36
Imperial
41:00
| APM promedio | 93.6 |
| APM pico | 188 |
| eAPM promedio | 47.7 |
| Aldeanos / militares | 165 / 151 |
Foco
⚔️ 36.3% · 🌾 63.7%
Unknown (882) ×339 · Knight ×133 · Scout Cavalry ×12 · Trebuchet (Packed) ×4 · Monk ×2
Feudal
9:46
Castillos
24:40
Imperial
40:39
| APM promedio | 53.4 |
| APM pico | 96 |
| eAPM promedio | 24.6 |
| Aldeanos / militares | 166 / 215 |
Foco
⚔️ 31.7% · 🌾 68.3%
Archer ×163 · Skirmisher ×41 · Unknown (1959) ×36 · Unknown (1942) ×12 · Spearman ×9 · Monk ×2
Feudal
11:43
Castillos
28:21
Imperial
45:52
| APM promedio | 28.4 |
| APM pico | 56 |
| eAPM promedio | 18.0 |
| Aldeanos / militares | 115 / 95 |
Foco
⚔️ 25.8% · 🌾 74.2%
Scout Cavalry ×37 · Cavalry Archer ×31 · Skirmisher ×26 · Monk ×1
Mapa de la partida
Recursos iniciales + cada clic de construcción. Líneas = muros · curvas = relieve. ◆ oro · ⬟ piedra · ● bayas · ✦ reliquia · ◌ hueco del cierre
Tu base· ✓ Cerrada en 23:54 · 39t muro · sin puerta
Base de Jucoda· ✓ Cerrada en 20:36 · 42t muro · 1 puerta(s)
Base de Cekkaaaaaaaa· ✓ Cerrada en 24:40 · 38t muro · 1 puerta(s)
Base de lean_maldo· Abierta — el rival se encerró
Terreno inicial suavizado · ◌ = hueco del cierre detectado · pasá el cursor para detalles
Inputs por minuto
— riccardog92 - - Jucoda
Build order — riccardog92
Primeras 150 de 462 acciones detectadas
| 0:03 | Construir | House |
| 0:04 | Construir | House |
| 0:06 | Investigar | Loom |
| 0:07 | Investigar | Loom |
| 0:07 | Investigar | Loom |
| 1:08 | Crear | Villager (Male) |
| 1:34 | Crear | Villager (Male) |
| 2:17 | Crear | Villager (Male) |
| 2:55 | Crear | Villager (Male) |
| 3:01 | Crear | Villager (Male) |
| 3:01 | Crear | Villager (Male) |
| 3:22 | Crear | Villager (Male) ×2 |
| 3:56 | Construir | Lumber Camp |
| 4:32 | Crear | Villager (Male) ×3 |
| 4:33 | Crear | Villager (Male) ×3 |
| 5:47 | Construir | House |
| 6:02 | Crear | Villager (Male) ×3 |
| 7:13 | Construir | Mill |
| 7:24 | Crear | Villager (Male) |
| 7:55 | Construir | House |
| 8:28 | Investigar | Feudal Age |
| 8:28 | Investigar | Feudal Age |
| 9:26 | Construir | Barracks |
| 9:44 | Construir | Palisade Wall |
| 9:47 | Construir | Palisade Wall |
| 9:51 | Construir | Palisade Wall |
| 10:03 | Construir | House |
| 10:12 | Crear | Villager (Male) |
| 10:12 | Crear | Villager (Male) |
| 10:38 | Edad | Edad Feudal |
| 10:39 | Crear | Spearman |
| 10:47 | Construir | Archery Range |
| 11:03 | Construir | House |
| 11:16 | Crear | Spearman |
| 11:41 | Crear | Skirmisher |
| 11:57 | Investigar | Double-Bit Axe |
| 11:57 | Investigar | Double-Bit Axe |
| 12:01 | Crear | Villager (Male) |
| 12:01 | Crear | Villager (Male) |
| 12:02 | Crear | Villager (Male) |
| 12:30 | Construir | Blacksmith |
| 12:41 | Crear | Skirmisher |
| 12:52 | Crear | Spearman |
| 12:58 | Construir | Palisade Wall |
| 13:00 | Construir | Palisade Wall |
| 13:04 | Crear | Villager (Male) |
| 13:18 | Construir | House |
| 13:20 | Construir | House |
| 13:26 | Crear | Spearman |
| 13:49 | Construir | Palisade Wall |
| 13:53 | Crear | Villager (Male) |
| 13:53 | Crear | Villager (Male) |
| 14:26 | Construir | Palisade Wall |
| 14:33 | Construir | Farm |
| 14:33 | Construir | Farm |
| 14:33 | Construir | Farm |
| 14:34 | Construir | Farm |
| 14:34 | Construir | Farm |
| 14:34 | Construir | Farm |
| 14:34 | Construir | Farm |
| 14:35 | Construir | Farm |
| 14:35 | Construir | Farm |
| 14:38 | Crear | Villager (Male) |
| 14:46 | Crear | Spearman |
| 14:57 | Construir | Farm |
| 14:58 | Construir | Farm |
| 15:00 | Construir | Farm |
| 15:23 | Crear | Villager (Male) |
| 15:25 | Construir | Farm |
| 15:31 | Investigar | Horse Collar |
| 15:31 | Investigar | Horse Collar |
| 16:30 | Construir | Market |
| 16:31 | Crear | Villager (Male) |
| 16:32 | Crear | Villager (Male) |
| 16:49 | Construir | Palisade Wall |
| 16:53 | Construir | Farm |
| 16:53 | Construir | Farm |
| 16:54 | Construir | Farm |
| 16:58 | Construir | Farm |
| 16:58 | Construir | Farm |
| 16:59 | Construir | Farm |
| 17:09 | Crear | Villager (Male) |
| 17:09 | Crear | Villager (Male) |
| 17:27 | Crear | Villager (Male) |
| 17:43 | Construir | Mining Camp |
| 17:48 | Construir | Farm |
| 17:51 | Construir | Farm |
| 17:52 | Crear | Villager (Male) |
| 18:01 | Construir | Palisade Wall |
| 18:04 | Construir | Palisade Wall |
| 18:23 | Crear | Villager (Male) |
| 18:40 | Crear | Villager (Male) |
| 19:09 | Construir | Farm |
| 19:13 | Construir | Farm |
| 19:18 | Construir | Farm |
| 19:38 | Construir | Palisade Wall |
| 19:41 | Construir | Palisade Wall |
| 19:43 | Construir | Farm |
| 19:48 | Construir | House |
| 19:57 | Crear | Villager (Male) |
| 20:14 | Construir | Mining Camp |
| 20:21 | Construir | House |
| 20:52 | Construir | House |
| 20:55 | Construir | Palisade Wall |
| 21:14 | Investigar | Castle Age |
| 21:14 | Investigar | Castle Age |
| 21:44 | Construir | House |
| 21:53 | Construir | Lumber Camp |
| 22:23 | Investigar | Wheelbarrow |
| 22:24 | Investigar | Wheelbarrow |
| 23:14 | Investigar | Fletching |
| 23:26 | Investigar | Gold Mining |
| 23:32 | Investigar | Stone Mining |
| 23:33 | Investigar | Stone Mining |
| 23:44 | Crear | Skirmisher |
| 23:45 | Crear | Skirmisher |
| 23:54 | Edad | Edad de los Castillos |
| 23:57 | Construir | Town Center |
| 24:24 | Construir | Gate |
| 24:29 | Construir | Stone Wall |
| 24:32 | Construir | Stone Wall |
| 24:38 | Crear | Villager (Male) |
| 24:58 | Investigar | Bodkin Arrow |
| 25:02 | Investigar | Scale Mail Armor |
| 25:06 | Crear | Villager (Male) |
| 25:07 | Crear | Villager (Male) |
| 25:43 | Construir | Castle |
| 25:50 | Crear | Villager (Male) |
| 25:50 | Crear | Villager (Male) |
| 25:53 | Crear | Villager (Male) |
| 25:59 | Investigar | Bow Saw |
| 25:59 | Investigar | Bow Saw |
| 26:04 | Crear | Villager (Male) |
| 26:04 | Crear | Villager (Male) |
| 26:04 | Crear | Villager (Male) |
| 26:27 | Construir | Mining Camp |
| 26:31 | Crear | Villager (Male) |
| 26:31 | Crear | Villager (Male) |
| 26:32 | Crear | Villager (Male) |
| 26:48 | Construir | Town Center |
| 27:02 | Investigar | Padded Archer Armor |
| 27:17 | Crear | Villager (Male) |
| 27:17 | Crear | Villager (Male) |
| 27:31 | Investigar | Heavy Plow |
| 27:31 | Investigar | Heavy Plow |
| 27:34 | Crear | Chu Ko Nu |
| 27:34 | Crear | Chu Ko Nu |
| 27:35 | Crear | Chu Ko Nu |
| 27:54 | Construir | Siege Workshop |
| 28:02 | Crear | Chu Ko Nu |
Build order — Jucoda
Primeras 150 de 916 acciones detectadas
| 0:01 | Crear | Villager (Male) |
| 0:01 | Crear | Villager (Male) |
| 0:01 | Crear | Villager (Male) |
| 0:02 | Construir | House |
| 0:03 | Construir | House |
| 0:06 | Crear | Villager (Male) |
| 0:06 | Crear | Villager (Male) |
| 1:24 | Crear | Villager (Male) |
| 1:25 | Crear | Villager (Male) |
| 2:01 | Crear | Villager (Male) |
| 2:01 | Crear | Villager (Male) |
| 2:02 | Crear | Villager (Male) |
| 2:21 | Construir | Lumber Camp |
| 2:22 | Crear | Villager (Male) |
| 2:22 | Crear | Villager (Male) |
| 2:50 | Crear | Villager (Male) |
| 2:51 | Crear | Villager (Male) |
| 3:07 | Crear | Villager (Male) |
| 3:39 | Crear | Villager (Male) |
| 3:40 | Crear | Villager (Male) |
| 3:48 | Construir | House |
| 3:49 | Construir | House |
| 4:01 | Crear | Villager (Male) |
| 4:32 | Crear | Villager (Male) |
| 4:32 | Crear | Villager (Male) |
| 4:40 | Construir | Mill |
| 4:53 | Crear | Villager (Male) |
| 4:53 | Crear | Villager (Male) |
| 5:21 | Crear | Villager (Male) |
| 5:21 | Crear | Villager (Male) |
| 5:21 | Crear | Villager (Male) |
| 6:14 | Investigar | Loom |
| 6:45 | Crear | Villager (Male) |
| 7:16 | Investigar | Feudal Age |
| 7:16 | Investigar | Feudal Age |
| 7:39 | Construir | Barracks |
| 8:37 | Construir | House |
| 9:22 | Crear | Villager (Male) |
| 9:25 | Edad | Edad Feudal |
| 9:27 | Construir | Stable |
| 9:29 | Investigar | Double-Bit Axe |
| 9:49 | Crear | Villager (Male) |
| 9:56 | Construir | Farm |
| 9:58 | Construir | Farm |
| 10:03 | Crear | Villager (Male) |
| 10:09 | Crear | Scout Cavalry |
| 10:10 | Crear | Scout Cavalry |
| 10:10 | Crear | Scout Cavalry |
| 10:14 | Construir | House |
| 10:21 | Crear | Villager (Male) |
| 10:43 | Construir | Farm |
| 10:44 | Crear | Scout Cavalry |
| 10:54 | Construir | Palisade Wall |
| 11:01 | Construir | Farm |
| 11:03 | Construir | Farm |
| 11:04 | Crear | Villager (Male) |
| 11:12 | Crear | Villager (Male) |
| 11:18 | Construir | Farm |
| 11:24 | Construir | Farm |
| 11:33 | Construir | House |
| 11:36 | Construir | Palisade Wall |
| 11:38 | Construir | Palisade Wall |
| 11:42 | Construir | Palisade Wall |
| 11:43 | Crear | Villager (Male) |
| 11:43 | Crear | Villager (Male) |
| 11:46 | Crear | Scout Cavalry |
| 11:51 | Construir | Farm |
| 11:54 | Construir | Farm |
| 12:24 | Crear | Villager (Male) |
| 12:30 | Construir | Farm |
| 12:34 | Construir | Farm |
| 12:41 | Crear | Villager (Male) |
| 12:43 | Crear | Scout Cavalry |
| 12:43 | Crear | Scout Cavalry |
| 12:43 | Crear | Scout Cavalry |
| 12:43 | Crear | Scout Cavalry |
| 12:44 | Crear | Scout Cavalry |
| 12:51 | Construir | House |
| 12:53 | Construir | Palisade Wall |
| 12:54 | Construir | Palisade Wall |
| 12:55 | Construir | Palisade Wall |
| 13:16 | Crear | Villager (Male) |
| 13:17 | Crear | Villager (Male) |
| 13:20 | Construir | Farm |
| 13:38 | Construir | Farm |
| 13:39 | Crear | Villager (Male) |
| 13:46 | Construir | Farm |
| 13:48 | Crear | Scout Cavalry |
| 14:34 | Crear | Villager (Male) |
| 14:34 | Crear | Villager (Male) |
| 14:40 | Construir | Mining Camp |
| 15:23 | Construir | Blacksmith |
| 15:26 | Investigar | Wheelbarrow |
| 15:26 | Investigar | Wheelbarrow |
| 16:10 | Crear | Villager (Male) |
| 16:27 | Construir | House |
| 16:30 | Construir | Palisade Wall |
| 16:47 | Investigar | Scale Barding Armor |
| 16:47 | Investigar | Scale Barding Armor |
| 16:48 | Investigar | Scale Barding Armor |
| 17:06 | Crear | Villager (Male) |
| 17:13 | Construir | Farm |
| 17:14 | Construir | Farm |
| 17:18 | Construir | Farm |
| 17:24 | Investigar | Town Watch |
| 17:24 | Investigar | Town Watch |
| 17:37 | Construir | House |
| 17:53 | Investigar | Castle Age |
| 17:54 | Investigar | Castle Age |
| 18:14 | Investigar | Forging |
| 18:14 | Investigar | Forging |
| 18:14 | Investigar | Forging |
| 18:32 | Construir | House |
| 19:13 | Construir | House |
| 19:15 | Construir | Palisade Wall |
| 19:22 | Construir | Stable |
| 19:25 | Investigar | Bloodlines |
| 19:25 | Investigar | Bloodlines |
| 19:26 | Crear | Scout Cavalry |
| 19:58 | Construir | Palisade Gate |
| 20:11 | Investigar | Horse Collar |
| 20:27 | Crear | Villager (Male) |
| 20:27 | Crear | Villager (Male) |
| 20:27 | Crear | Villager (Male) |
| 20:36 | Edad | Edad de los Castillos |
| 20:41 | Construir | Town Center |
| 20:44 | Crear | Knight |
| 20:44 | Crear | Knight |
| 20:44 | Crear | Knight |
| 20:45 | Crear | Knight |
| 20:52 | Crear | Villager (Male) |
| 20:52 | Crear | Villager (Male) |
| 21:00 | Construir | Farm |
| 21:00 | Construir | Farm |
| 21:01 | Construir | Farm |
| 21:04 | Construir | Farm |
| 21:09 | Crear | Villager (Male) |
| 21:15 | Investigar | Bow Saw |
| 21:15 | Investigar | Bow Saw |
| 21:42 | Crear | Knight |
| 21:42 | Crear | Knight |
| 21:46 | Crear | Villager (Male) |
| 21:47 | Crear | Villager (Male) |
| 21:51 | Investigar | Gold Mining |
| 22:00 | Crear | Villager (Male) |
| 22:00 | Crear | Villager (Male) |
| 22:20 | Crear | Knight |
| 22:20 | Crear | Knight |
| 23:01 | Crear | Villager (Male) |
| 23:02 | Crear | Villager (Male) |
Build order — Cekkaaaaaaaa
Primeras 150 de 530 acciones detectadas
| 0:00 | Crear | Villager (Male) |
| 0:01 | Crear | Villager (Male) |
| 0:01 | Crear | Villager (Male) |
| 0:02 | Construir | House |
| 0:03 | Construir | House |
| 0:22 | Crear | Villager (Male) |
| 0:22 | Crear | Villager (Male) |
| 0:22 | Crear | Villager (Male) |
| 1:25 | Crear | Villager (Male) |
| 1:46 | Construir | Lumber Camp |
| 2:10 | Crear | Villager (Male) |
| 2:10 | Crear | Villager (Male) |
| 2:10 | Crear | Villager (Male) |
| 2:19 | Crear | Villager (Male) |
| 2:19 | Crear | Villager (Male) |
| 2:41 | Crear | Villager (Male) |
| 2:41 | Crear | Villager (Male) |
| 3:11 | Crear | Villager (Male) |
| 3:11 | Crear | Villager (Male) |
| 3:11 | Crear | Villager (Male) |
| 3:28 | Construir | House |
| 3:46 | Crear | Villager (Male) |
| 3:46 | Crear | Villager (Male) |
| 4:18 | Crear | Villager (Male) |
| 4:19 | Crear | Villager (Male) |
| 4:19 | Crear | Villager (Male) |
| 5:05 | Construir | House |
| 5:31 | Crear | Villager (Male) |
| 5:34 | Crear | Villager (Male) |
| 5:35 | Crear | Villager (Male) |
| 5:35 | Crear | Villager (Male) |
| 6:32 | Investigar | Loom |
| 6:51 | Construir | Mill |
| 6:52 | Crear | Villager (Male) |
| 7:35 | Investigar | Feudal Age |
| 7:35 | Investigar | Feudal Age |
| 7:48 | Construir | Barracks |
| 7:52 | Construir | House |
| 8:36 | Crear | Villager (Male) |
| 8:47 | Construir | Mining Camp |
| 8:51 | Crear | Villager (Male) |
| 8:51 | Crear | Villager (Male) |
| 9:27 | Construir | Palisade Wall |
| 9:46 | Edad | Edad Feudal |
| 9:50 | Construir | Archery Range |
| 10:09 | Construir | Palisade Wall |
| 10:25 | Construir | Palisade Wall |
| 10:31 | Crear | Villager (Male) |
| 10:36 | Investigar | Double-Bit Axe |
| 10:47 | Construir | House |
| 10:58 | Construir | Archery Range |
| 11:02 | Crear | Villager (Male) |
| 11:05 | Crear | Archer |
| 11:29 | Construir | Palisade Wall |
| 11:38 | Crear | Villager (Male) |
| 11:44 | Crear | Archer |
| 11:44 | Crear | Archer |
| 12:11 | Construir | House |
| 12:16 | Crear | Archer |
| 12:21 | Crear | Villager (Male) |
| 12:23 | Crear | Villager (Male) |
| 12:32 | Construir | House |
| 12:37 | Investigar | Wheelbarrow |
| 12:44 | Crear | Spearman |
| 12:52 | Construir | Blacksmith |
| 13:01 | Construir | House |
| 13:08 | Crear | Archer |
| 13:09 | Crear | Archer |
| 13:09 | Crear | Archer |
| 13:14 | Crear | Villager (Male) |
| 13:14 | Crear | Villager (Male) |
| 13:29 | Crear | Spearman |
| 13:35 | Crear | Archer |
| 13:36 | Crear | Archer |
| 13:44 | Investigar | Horse Collar |
| 13:58 | Construir | Palisade Wall |
| 14:02 | Construir | Palisade Wall |
| 14:13 | Crear | Archer |
| 14:13 | Crear | Archer |
| 14:19 | Construir | Farm |
| 14:28 | Crear | Spearman |
| 14:46 | Construir | House |
| 15:10 | Crear | Archer |
| 15:10 | Crear | Archer |
| 15:10 | Crear | Archer |
| 15:16 | Investigar | Fletching |
| 15:18 | Crear | Villager (Male) |
| 15:18 | Crear | Villager (Male) |
| 15:18 | Crear | Villager (Male) |
| 15:21 | Construir | Farm |
| 15:23 | Construir | Farm |
| 15:36 | Construir | Farm |
| 15:37 | Crear | Villager (Male) |
| 15:42 | Construir | House |
| 16:38 | Crear | Archer |
| 16:38 | Crear | Archer |
| 16:38 | Crear | Archer |
| 16:38 | Crear | Archer |
| 16:43 | Construir | Market |
| 16:43 | Crear | Villager (Male) |
| 16:44 | Crear | Villager (Male) |
| 16:44 | Crear | Villager (Male) |
| 17:10 | Crear | Archer |
| 17:10 | Crear | Archer |
| 17:26 | Crear | Villager (Male) |
| 17:32 | Construir | House |
| 17:34 | Crear | Villager (Male) |
| 17:36 | Construir | Farm |
| 18:21 | Construir | Farm |
| 18:21 | Construir | Farm |
| 18:21 | Construir | Farm |
| 18:22 | Construir | Farm |
| 18:22 | Construir | Farm |
| 18:31 | Construir | Palisade Gate |
| 18:35 | Crear | Spearman |
| 18:35 | Crear | Spearman |
| 18:36 | Crear | Spearman |
| 19:15 | Crear | Archer |
| 19:15 | Crear | Archer |
| 19:15 | Crear | Archer |
| 19:15 | Crear | Archer |
| 19:20 | Crear | Villager (Male) |
| 19:20 | Crear | Villager (Male) |
| 19:34 | Crear | Archer |
| 19:34 | Crear | Archer |
| 19:37 | Crear | Villager (Male) |
| 19:43 | Investigar | Padded Archer Armor |
| 20:35 | Crear | Villager (Male) |
| 20:58 | Construir | Farm |
| 21:13 | Construir | House |
| 21:17 | Construir | House |
| 21:19 | Crear | Villager (Male) |
| 21:28 | Crear | Archer |
| 21:42 | Construir | Farm |
| 22:00 | Investigar | Castle Age |
| 22:07 | Crear | Archer |
| 22:07 | Crear | Archer |
| 22:07 | Crear | Archer |
| 22:13 | Construir | Farm |
| 22:15 | Crear | Villager (Male) |
| 22:30 | Crear | Archer |
| 22:30 | Crear | Archer |
| 22:36 | Investigar | Gold Mining |
| 23:40 | Construir | Farm |
| 24:00 | Crear | Archer |
| 24:00 | Crear | Archer |
| 24:00 | Crear | Archer |
| 24:09 | Construir | House |
| 24:11 | Construir | House |
| 24:27 | Construir | Stone Wall |
Build order — lean_maldo
Primeras 150 de 434 acciones detectadas
| 0:04 | Construir | House |
| 0:05 | Crear | Villager (Male) |
| 0:06 | Crear | Villager (Male) |
| 0:06 | Crear | Villager (Male) |
| 0:06 | Crear | Villager (Male) |
| 0:07 | Construir | House |
| 1:32 | Crear | Villager (Male) |
| 1:32 | Crear | Villager (Male) |
| 2:32 | Crear | Villager (Male) |
| 2:32 | Crear | Villager (Male) |
| 2:38 | Construir | Lumber Camp |
| 2:44 | Construir | Lumber Camp |
| 2:56 | Crear | Villager (Male) |
| 3:35 | Crear | Villager (Male) |
| 3:35 | Crear | Villager (Male) |
| 4:21 | Crear | Villager (Male) |
| 4:21 | Crear | Villager (Male) |
| 4:39 | Construir | House |
| 4:53 | Investigar | Loom |
| 4:54 | Crear | Villager (Male) |
| 5:45 | Crear | Villager (Male) |
| 6:36 | Construir | Mill |
| 6:39 | Crear | Villager (Male) |
| 6:40 | Crear | Villager (Male) |
| 6:54 | Construir | House |
| 7:41 | Crear | Villager (Male) |
| 7:42 | Crear | Villager (Male) |
| 8:09 | Crear | Villager (Male) |
| 8:09 | Crear | Villager (Male) |
| 9:06 | Construir | Mining Camp |
| 9:33 | Investigar | Feudal Age |
| 9:44 | Construir | Barracks |
| 10:14 | Construir | House |
| 10:17 | Construir | House |
| 10:41 | Construir | Mill |
| 10:46 | Crear | Villager (Male) |
| 11:22 | Crear | Villager (Male) |
| 11:43 | Edad | Edad Feudal |
| 11:44 | Construir | Mining Camp |
| 11:54 | Construir | Blacksmith |
| 11:59 | Construir | House |
| 12:13 | Construir | Farm |
| 12:13 | Construir | Farm |
| 12:13 | Construir | Farm |
| 12:13 | Construir | Farm |
| 12:14 | Construir | Farm |
| 12:14 | Construir | Farm |
| 12:14 | Construir | Farm |
| 13:27 | Crear | Villager (Male) |
| 13:27 | Crear | Villager (Male) |
| 14:08 | Construir | Archery Range |
| 14:57 | Construir | House |
| 15:17 | Construir | Watch Tower |
| 15:23 | Construir | Farm |
| 15:24 | Construir | Farm |
| 15:24 | Construir | Farm |
| 15:27 | Crear | Villager (Male) |
| 15:28 | Crear | Villager (Male) |
| 15:42 | Crear | Villager (Male) |
| 16:07 | Crear | Skirmisher |
| 16:08 | Crear | Skirmisher |
| 16:08 | Crear | Skirmisher |
| 16:34 | Crear | Skirmisher |
| 16:35 | Crear | Skirmisher |
| 17:07 | Crear | Villager (Male) |
| 17:08 | Crear | Villager (Male) |
| 17:17 | Crear | Villager (Male) |
| 17:17 | Crear | Villager (Male) |
| 17:27 | Crear | Skirmisher |
| 17:28 | Crear | Skirmisher |
| 17:55 | Crear | Skirmisher |
| 17:55 | Crear | Skirmisher |
| 18:00 | Investigar | Padded Archer Armor |
| 18:00 | Investigar | Fletching |
| 18:49 | Crear | Villager (Male) |
| 18:49 | Crear | Villager (Male) |
| 18:49 | Crear | Villager (Male) |
| 18:54 | Investigar | Double-Bit Axe |
| 19:01 | Investigar | Horse Collar |
| 19:05 | Crear | Skirmisher |
| 19:05 | Crear | Skirmisher |
| 19:56 | Construir | Palisade Wall |
| 20:06 | Construir | Palisade Wall |
| 20:07 | Construir | Palisade Wall |
| 20:09 | Construir | Palisade Wall |
| 20:15 | Crear | Skirmisher |
| 20:16 | Crear | Skirmisher |
| 20:16 | Crear | Skirmisher |
| 20:17 | Crear | Villager (Male) |
| 20:17 | Crear | Villager (Male) |
| 20:29 | Construir | Watch Tower |
| 20:38 | Crear | Villager (Male) |
| 20:38 | Crear | Villager (Male) |
| 20:51 | Construir | Palisade Wall |
| 21:00 | Crear | Skirmisher |
| 21:00 | Crear | Skirmisher |
| 21:03 | Crear | Villager (Male) |
| 21:03 | Crear | Villager (Male) |
| 21:13 | Construir | Farm |
| 21:14 | Construir | Farm |
| 21:14 | Construir | Farm |
| 21:14 | Construir | Farm |
| 21:23 | Crear | Villager (Male) |
| 22:04 | Crear | Villager (Male) |
| 22:04 | Crear | Villager (Male) |
| 22:06 | Construir | Farm |
| 22:06 | Construir | Farm |
| 22:06 | Construir | Farm |
| 22:07 | Construir | Farm |
| 22:07 | Construir | Farm |
| 22:16 | Construir | House |
| 22:19 | Construir | House |
| 22:21 | Construir | House |
| 22:22 | Construir | House |
| 22:36 | Crear | Villager (Male) |
| 22:37 | Crear | Villager (Male) |
| 22:39 | Construir | Farm |
| 22:39 | Construir | Farm |
| 22:39 | Construir | Farm |
| 22:39 | Construir | Farm |
| 22:40 | Construir | Farm |
| 23:29 | Crear | Skirmisher |
| 23:29 | Crear | Skirmisher |
| 23:29 | Crear | Skirmisher |
| 23:34 | Crear | Villager (Male) |
| 24:10 | Construir | Farm |
| 24:10 | Construir | Farm |
| 24:10 | Construir | Farm |
| 24:11 | Construir | Farm |
| 24:11 | Construir | Farm |
| 25:41 | Investigar | Castle Age |
| 25:43 | Crear | Villager (Male) |
| 25:43 | Crear | Villager (Male) |
| 25:43 | Crear | Villager (Male) |
| 25:52 | Construir | Stone Wall |
| 26:01 | Construir | Stone Wall |
| 26:18 | Crear | Skirmisher |
| 26:18 | Crear | Skirmisher |
| 26:18 | Crear | Skirmisher |
| 26:22 | Investigar | Scale Barding Armor |
| 26:53 | Construir | Lumber Camp |
| 27:15 | Investigar | Stone Mining |
| 27:18 | Investigar | Gold Mining |
| 27:20 | Crear | Villager (Male) |
| 27:20 | Crear | Villager (Male) |
| 27:21 | Crear | Villager (Male) |
| 27:36 | Construir | Gate |
| 27:44 | Construir | Mining Camp |
| 27:57 | Construir | Watch Tower |
| 28:21 | Edad | Edad de los Castillos |
Cronología de la partida
| 7:39 | Jucoda · first_building Barracks |
| 7:48 | Cekkaaaaaaaa · first_building Barracks |
| 9:25 | Jucoda · age_up feudal |
| 9:26 | riccardog92 · first_building Barracks |
| 9:27 | Jucoda · first_building Stable |
| 9:27 | Cekkaaaaaaaa · wall_segment Palisade Wall x6 |
| 9:44 | riccardog92 · wall_segment Palisade Wall x4 |
| 9:44 | lean_maldo · first_building Barracks |
| 9:46 | Cekkaaaaaaaa · age_up feudal |
| 9:47 | riccardog92 · wall_segment Palisade Wall x3 |
| 9:50 | Cekkaaaaaaaa · first_building Archery Range |
| 9:51 | riccardog92 · wall_segment Palisade Wall x2 |
| 10:09 | Cekkaaaaaaaa · wall_segment Palisade Wall x8 |
| 10:25 | Cekkaaaaaaaa · wall_segment Palisade Wall x5 |
| 10:38 | riccardog92 · age_up feudal |
| 10:47 | riccardog92 · first_building Archery Range |
| 10:54 | Jucoda · wall_segment Palisade Wall x7 |
| 11:29 | Cekkaaaaaaaa · wall_segment Palisade Wall x5 |
| 11:36 | Jucoda · wall_segment Palisade Wall x4 |
| 11:38 | Jucoda · wall_segment Palisade Wall x1 |
| 11:42 | Jucoda · wall_segment Palisade Wall x9 |
| 11:43 | lean_maldo · age_up feudal |
| 12:53 | Jucoda · wall_segment Palisade Wall x1 |
| 12:54 | Jucoda · wall_segment Palisade Wall x1 |
| 12:55 | Jucoda · wall_segment Palisade Wall x1 |
| 12:58 | riccardog92 · wall_segment Palisade Wall x1 |
| 13:00 | riccardog92 · wall_segment Palisade Wall x1 |
| 13:49 | riccardog92 · wall_segment Palisade Wall x11 |
| 13:58 | Cekkaaaaaaaa · wall_segment Palisade Wall x9 |
| 14:02 | Cekkaaaaaaaa · wall_segment Palisade Wall x1 |
| 14:08 | lean_maldo · first_building Archery Range |
| 14:26 | riccardog92 · wall_segment Palisade Wall x1 |
| 16:30 | Jucoda · wall_segment Palisade Wall x11 |
| 16:49 | riccardog92 · wall_segment Palisade Wall x1 |
| 18:01 | riccardog92 · wall_segment Palisade Wall x5 |
| 18:04 | riccardog92 · wall_segment Palisade Wall x8 |
| 19:15 | Jucoda · wall_segment Palisade Wall x7 |
| 19:38 | riccardog92 · wall_segment Palisade Wall x1 |
| 19:41 | riccardog92 · wall_segment Palisade Wall x1 |
| 19:56 | lean_maldo · wall_segment Palisade Wall x1 |
| 20:06 | lean_maldo · wall_segment Palisade Wall x1 |
| 20:07 | lean_maldo · wall_segment Palisade Wall x1 |
| 20:09 | lean_maldo · wall_segment Palisade Wall x1 |
| 20:22 | Cekkaaaaaaaa · first_market_sell 100 wood |
| 20:25 | Cekkaaaaaaaa · first_market_buy 100 food |
| 20:36 | Jucoda · age_up castle |
| 20:51 | lean_maldo · wall_segment Palisade Wall x1 |
| 20:55 | riccardog92 · wall_segment Palisade Wall x1 |
| 23:54 | riccardog92 · age_up castle |
| 24:27 | Cekkaaaaaaaa · wall_segment Stone Wall x5 |
| 24:29 | riccardog92 · wall_segment Stone Wall x4 |
| 24:32 | riccardog92 · wall_segment Stone Wall x4 |
| 24:40 | Cekkaaaaaaaa · age_up castle |
| 25:16 | riccardog92 · first_market_sell 100 wood |
| 25:18 | riccardog92 · first_market_buy 100 stone |
| 25:43 | riccardog92 · first_building Castle |
| 25:52 | lean_maldo · wall_segment Stone Wall x10 |
| 26:00 | Cekkaaaaaaaa · wall_segment Stone Wall x1 |
| 26:01 | lean_maldo · wall_segment Stone Wall x11 |
| 27:54 | riccardog92 · first_building Siege Workshop |
| 28:21 | lean_maldo · age_up castle |
| 29:43 | Jucoda · first_building Monastery |
| 31:53 | Cekkaaaaaaaa · first_building Monastery |
| 32:10 | riccardog92 · first_building Monastery |
| 32:19 | lean_maldo · first_building Monastery |
| 34:40 | riccardog92 · wall_segment Stone Wall x6 |
| 34:41 | riccardog92 · wall_segment Stone Wall x8 |
| 34:42 | riccardog92 · wall_segment Stone Wall x7 |
| 34:52 | riccardog92 · wall_segment Palisade Wall x1 |
| 35:48 | Cekkaaaaaaaa · first_building Castle |
| 36:04 | lean_maldo · wall_segment Stone Wall x10 |
| 36:08 | Jucoda · first_building Castle |
| 37:47 | Jucoda · first_market_sell 100 food |
| 39:42 | riccardog92 · age_up imperial |
| 40:20 | lean_maldo · first_building Castle |
| 40:22 | riccardog92 · wall_segment Palisade Wall x1 |
| 40:31 | riccardog92 · wall_segment Palisade Wall x1 |
| 40:39 | Cekkaaaaaaaa · age_up imperial |
| 41:00 | Jucoda · age_up imperial |
| 41:05 | riccardog92 · wall_segment Palisade Wall x1 |
| 41:27 | Cekkaaaaaaaa · first_building Siege Workshop |
| 43:36 | Jucoda · wall_segment Stone Wall x7 |
| 43:39 | Jucoda · wall_segment Stone Wall x8 |
| 44:23 | Cekkaaaaaaaa · wall_segment Stone Wall x26 |
| 44:27 | Cekkaaaaaaaa · wall_segment Stone Wall x14 |
| 44:30 | lean_maldo · first_building Stable |
| 45:21 | Cekkaaaaaaaa · wall_segment Stone Wall x21 |
| 45:52 | lean_maldo · age_up imperial |
| 50:04 | riccardog92 · tribute_sent a jugador 2 |
| 50:04 | riccardog92 · tribute_sent a jugador 3 |
| 50:04 | riccardog92 · tribute_sent a jugador 4 |
| 51:06 | Cekkaaaaaaaa · wall_segment Palisade Wall x1 |
| 51:47 | Cekkaaaaaaaa · resign |
[ ANÁLISIS IA · 1 CRÉDITO ]
¿Qué pasó realmente en esta partida?
Wolo.gg analiza cada decisión: build order, eco, micro, errores típicos por bracket. Análisis personalizado por WhatsApp o Discord en 30 segundos.
Guía civ
Chinos
Perfil
Jugador #11961572